cohdb
Replays
Latest Replays
All Replays
Popular Replays
Top Player Replays
Match Explorer
How It Works
Community
CoH3 Stats
Reddit
Sign in to upload your games and track your stats! →
Sign in with Steam
Match 25958959
Unlisted
Match 25958959
Overview
Messages
Build Orders
End
Construct Barracks
Riflemen Squad
Riflemen Squad
Engineer Squad
Riflemen Squad
.30 cal Machine Gun
Selects Advanced Infantry Battlegroup
Selects Convert to Ranger Squad
Selects Frontline Medical Station
Frontline Medical Station
Engineer Squad
Infantry Support Center
.30 cal Machine Gun
Convert to Ranger Squad
Advanced Logistics
Convert to Ranger Squad
Survival Training
Construct Weapon Support Center
Selects Ranger Weapon Training
Convert to Ranger Squad
Improved M9 Bazooka Rockets
Selects Ammunition Storage
Selects M2A1 105mm Howitzer Emplacement
Ranger Squad
Selects 155mm Rapid Artillery Barrage
Frontline Medical Station
Frontline Medical Station
Eber
Ande
QuasiShooter101
CPU - Experto
CPU - Experto
CPU - Experto
0
0
Comments
sign in to comment!
No comments posted yet!